 Dungeon Sprint DCSS version 0.20-a0-1122-gb7cbeb9 (webtiles) character file.

2156 potatolord6000 the Impaler (level 9, -8/126 HPs)
             Began as a Merfolk Gladiator on May 12, 2017.
             Was an Initiate of Gozag.
             Mangled by a 14-headed hydra (12 damage)
             ... in the Dungeon (Sprint IX: "|||||||||||||||||||||||||||||").
             The game lasted 00:03:52 (653 turns).

potatolord6000 the Impaler (Merfolk Gladiator)       Turns: 653, Time: 00:03:53

Health: -8/126     AC:  5    Str: 19    XL:     9   Next: 31%
Magic:  9/9        EV: 33    Int: 10    God:    Gozag
Gold:   387        SH:  0    Dex: 27    Spells: 8/8 levels left

rFire    . . .     SeeInvis .   m - +4 halberd (pain)
rCold    . . .     Gourm    .   (shield currently unavailable)
rNeg     . . .     Faith    .   b - +0 leather armour
rPois    .         Spirit   .   c - +0 helmet
rElec    .         Reflect  .   (no cloak)
rCorr    .         Harm     .   a - +0 pair of gloves
MR       .....     NoTele   +   (no boots)
Stlth    ..........             (no amulet)
Regen    0.4/turn               n - +3 ring of dexterity
MPRegen  0.2/turn               l - +3 ring of intelligence

@: mighty, agile, berserking, gold aura, hasted, very quick
A: change form in water, swift swim, stealthy swim, MP-powered wands
a: Potion Petition, Call Merchant, Bribe Branch, Renounce Religion


You were in the Dungeon.
You worshipped Gozag.
Gozag was aware of your devotion.
You were full.

You visited 1 branch You collected 1008 gold pieces.
You paid 621 gold pieces to Gozag.

Inventory:

Hand Weapons
 m - a +4 halberd of pain (weapon)
Armour
 a - a +0 pair of gloves (worn)
 b - a +0 leather armour (worn)
 c - a +0 helmet (worn)
Jewellery
 l - a +3 ring of intelligence (right hand)
 n - a +3 ring of dexterity (left hand)
Scrolls
 h - 3 scrolls of remove curse
 j - 2 scrolls of amnesia
 k - 2 scrolls of blinking
 q - 2 scrolls of recharging
 r - a scroll of fear
 t - a scroll of fog
Potions
 d - a potion of invisibility
 e - 6 potions of curing
 i - 4 potions of magic
 o - 2 potions of brilliance


   Skills:
 + Level 12.9 Fighting
 + Level 16.3 Polearms
 - Level 2.0 Throwing
 + Level 15.2 Dodging


You had 8 spell levels left.
You didn't know any spells.

Dungeon Overview and Level Annotations

Branches:
Dungeon (1/1)

Altars:
Cheibriados
Dithmenos
Elyvilon
Fedhas
Gozag
Hepliaklqana
Kikubaaqudgha
Makhleb
Nemelex Xobeh
Okawaru
Qazlal
Ru
Sif Muna
Trog
Uskayaw
Vehumet
Wu Jian
Xom
Yredelemnul
Zin
The Shining One
Beogh
Jiyva
Lugonu


Innate Abilities, Weirdness & Mutations

You revert to your normal form in water.
You are very nimble and swift while swimming.
You are very stealthy in the water. (Stealth+)
You expend magic power (3 MP) to strengthen your wands.


Message History

The 11-headed hydra grows two more!
You puncture the 13-headed hydra!
The 13-headed hydra is severely wounded.
The blink frog completely misses you.
Unknown command.
You hack one of the 13-headed hydra's heads off!
The 12-headed hydra grows two more!
You slice the 14-headed hydra!!
The 14-headed hydra is almost dead.
The 14-headed hydra closely misses you. The 14-headed hydra misses you.
The 14-headed hydra closely misses you.
The 14-headed hydra completely misses you. x2
The 14-headed hydra misses you. x2
The 14-headed hydra completely misses you.
The 14-headed hydra misses you.
The 14-headed hydra bites you but does no damage.
The 14-headed hydra completely misses you.
The 14-headed hydra bites you!
* * * LOW HITPOINT WARNING * * *
The 14-headed hydra bites you!
You die...
Your body crumbles into a pile of gold. $$$$$$$$$ $$$$$$$$$$$$$

▓▓▓▓▓▓▓▓▓▓▓▓▓▓▓▓▓▓▓▓▓▓▓▓
.rtrlSD@F....:......'...
▓▓▓▓▓▓▓▓▓▓▓▓▓▓▓▓▓▓▓▓▓▓▓▓▓▓▓▓▓▓▓▓▓
.................................
▓▓▓▓▓▓▓▓▓▓▓▓▓▓▓▓▓▓▓▓▓▓▓▓▓▓▓▓▓▓▓▓▓
____________________'.....'...)†'
▓▓▓▓▓▓▓▓▓▓▓▓▓▓▓▓▓▓▓▓▓▓▓▓▓▓▓▓▓▓▓▓▓


You could see a 14-headed hydra, a komodo dragon, a black mamba, a blink frog, a
crocodile and 2 porcupines.

Vanquished Creatures
  A two-headed ogre (D)
  A manticore (D)
  A black mamba (D)
  A hippogriff (D)
  A water moccasin (D)
  2 ice beasts (D)
  2 phantoms (D)
  A sky beast (D)
  A wight (D)
  A worker ant (D)
  2 adders (D)
  An ooze (D)
  An adder zombie (D)
  A dart slug (D)
  An orc (D)
  A ball python (D)
  A bat skeleton (D)
  A hobgoblin (D)
  A leopard gecko zombie (D)
  A rat (D)
23 creatures vanquished.

Notes
Turn   | Place    | Note
-------+----------+-------------------------------------------
     0 | D        | potatolord6000 the Merfolk Gladiator began the quest for the Orb.
     0 | D        | Reached XP level 1. HP: 16/16 MP: 1/1
    11 | D        | Reached skill level 5 in Polearms
    11 | D        | Reached XP level 2. HP: 19/24 MP: 2/2
    13 | D        | Reached skill level 5 in Dodging
   109 | D        | Noticed a phantom
   109 | D        | Noticed an ice beast
   109 | D        | Noticed an ice beast
   116 | D        | Killed an ice beast
   116 | D        | Reached skill level 5 in Fighting
   116 | D        | Reached skill level 8 in Polearms
   116 | D        | Reached XP level 3. HP: 34/34 MP: 3/3
   116 | D        | Reached XP level 4. HP: 40/40 MP: 4/4
   122 | D        | Killed an ice beast
   122 | D        | Reached skill level 10 in Polearms
   122 | D        | Reached XP level 5. HP: 38/48 MP: 5/5
   127 | D        | Reached XP level 6. HP: 45/56 MP: 6/6
   132 | D        | Killed a phantom
   132 | D        | Reached skill level 11 in Polearms
   132 | D        | Reached skill level 10 in Dodging
   139 | D        | Found a roughly hewn altar of Beogh.
   139 | D        | Found a snail-covered altar of Cheibriados.
   139 | D        | Found a shadowy altar of Dithmenos.
   139 | D        | Found a white marble altar of Elyvilon.
   139 | D        | Found a blossoming altar of Fedhas.
   139 | D        | Found an opulent altar of Gozag.
   140 | D        | Found a hazy altar of Hepliaklqana.
   141 | D        | Found a viscous altar of Jiyva.
   142 | D        | Found an ancient bone altar of Kikubaaqudgha.
   143 | D        | Found a corrupted altar of Lugonu.
   144 | D        | Found a burning altar of Makhleb.
   145 | D        | Found a sparkling altar of Nemelex Xobeh.
   146 | D        | Found an iron altar of Okawaru.
   147 | D        | Found a stormy altar of Qazlal.
   149 | D        | Became a worshipper of Gozag Ym Sagoz the Greedy
   151 | D        | Found a sacrificial altar of Ru.
   152 | D        | Found a deep blue altar of Sif Muna.
   153 | D        | Found a bloodstained altar of Trog.
   154 | D        | Found a hide-covered altar of Uskayaw.
   155 | D        | Found a radiant altar of Vehumet.
   156 | D        | Found an ornate altar of the Wu Jian Council.
   157 | D        | Found a shimmering altar of Xom.
   158 | D        | Found a basalt altar of Yredelemnul.
   159 | D        | Found a glowing silver altar of Zin.
   160 | D        | Found a glowing golden altar of the Shining One.
   200 | D        | Noticed a water moccasin
   200 | D        | Noticed a hippogriff
   203 | D        | Killed a hippogriff
   203 | D        | Reached skill level 12 in Polearms
   203 | D        | Reached XP level 7. HP: 40/65 MP: 7/7
   227 | D        | Reached skill level 10 in Fighting
   227 | D        | Reached skill level 13 in Polearms
   400 | D        | Noticed a manticore
   400 | D        | Noticed a two-headed ogre
   442 | D        | Killed a two-headed ogre
   442 | D        | Reached skill level 15 in Polearms
   442 | D        | Reached XP level 8. HP: 53/76 MP: 8/8
   445 | D        | Killed a manticore
   445 | D        | Reached XP level 9. HP: 57/83 MP: 9/9
   622 | D        | Gained mutation: You expend magic power (3 MP) to strengthen your wands. [potion of mutation]
   622 | D        | Gained mutation: You are dopey. (Int -2) [potion of mutation]
   622 | D        | Lost mutation: You are dopey. (Int -2) [potion of mutation]
   634 | D        | Noticed a komodo dragon
   634 | D        | Noticed a four-headed hydra
   634 | D        | Noticed a black mamba
   634 | D        | Noticed a black mamba
   638 | D        | Killed a black mamba
   638 | D        | Reached skill level 16 in Polearms
   638 | D        | Reached skill level 15 in Dodging
   653 | D        | HP: 4/126 [14-headed hydra (10)]
   653 | D        | Mangled by a 14-headed hydra

Vault maps used:
D:        linesprint

Skill      XL: |  1  2  3  4  5  6  7  8  9 |
---------------+----------------------------+-----
Fighting       | 3 5 7 9 11 12 | 12.9
Polearms       | 5 8 10 12 15 16 | 16.3
Dodging        | 7 9 11 14 15 | 15.2
Throwing       | |  2.0

Action                   |  1- 3 |  4- 6 |  7- 9 || total
-------------------------+-------+-------+-------++-------
Melee: Trident           |    14 |    16 |       ||    30
       Halberd           |       |     3 |    56 ||    59
Invok: Potion Petition   |       |       |     2 ||     2
  Use: Potion            |     2 |       |     7 ||     9
       Scroll            |       |       |     2 ||     2
 Stab: Sleeping          |     1 |     1 |       ||     2
       Distracted        |       |       |     4 ||     4
  Eat: Bread ration      |       |       |     1 ||     1
Armor: Leather armour    |     1 |       |     7 ||     8
Dodge: Dodged            |     3 |     4 |    93 ||   100
